 Dungeon Sprint DCSS version 0.30.1-9-gdf580d7c3d (webtiles) character file.

Game seed: 16757787587047545253

597 Heoruswealwe the Spear-Bearer (level 7, -1/72 HPs)
             Began as a Minotaur Fighter on Sept 26, 2023.
             Was an Initiate of Gozag.
             Slain by a two-headed ogre
             ... wielding a +0 giant club
              (7 damage)
             ... in the Dungeon (Sprint IX: "|||||||||||||||||||||||||||||").
             The game lasted 00:02:47 (166 turns).

Heoruswealwe the Spear-Bearer (Minotaur Fighter)     Turns: 166, Time: 00:02:48

Health: -1/72      AC: 14    Str: 23    XL:     7   Next: 17%
Magic:  6/6        EV:  8    Int:  5    God:    Gozag
Gold:   0          SH:  0    Dex:  9    Spells: 6/6 levels left

rFire   . . .        b - +2 halberd (venom)
rCold   . . .        (shield currently unavailable)
rNeg    . . .        c - +1 chain mail
rPois   .            (helmet restricted)
rElec   .            (no cloak)
rCorr   .            (no gloves)
SInv    .            e - +0 pair of boots
Will    .....        (no amulet) Stlth
                     (no ring)
HPRegen 0.32/turn    (no ring)
MPRegen 0.10/turn

%: no teleportation
@: no status effects
A: horns 2, retaliatory headbutt
a: Renounce Religion, Potion Petition, Call Merchant, Bribe Branch


You were in the Dungeon.
You worshipped Gozag.
Gozag was noncommittal.
You visited 1 branch

Inventory:

Hand Weapons
 a - a +0 trident
 b - a +2 halberd of venom (weapon)
Armour
 c - a +1 chain mail (worn)
 d - a +0 buckler
 e - a +0 pair of boots (worn)
Wands
 k - a wand of quicksilver (10)
Scrolls
 j - 2 scrolls of blinking
Potions
 f - 2 potions of heal wounds
 g - a potion of haste
 h - a potion of invisibility
 i - a potion of berserk rage
 l - a potion of might
 m - 5 potions of curing


   Skills:
 + Level 10.0 Fighting
 * Level 13.2 Polearms
 + Level 10.0 Armour
 - Level 3.6 Shields


You had 6 spell levels left.
You didn't know any spells.
Your spell library was empty.

Dungeon Overview and Level Annotations

Branches:
Dungeon (1/1)

Altars:
Cheibriados
Dithmenos
Elyvilon
Fedhas
Gozag
Hepliaklqana
Kikubaaqudgha
Makhleb
Nemelex Xobeh
Okawaru
Qazlal
Ru
Sif Muna
Trog
Uskayaw
Vehumet
Wu Jian
Xom
Yredelemnul
Zin
The Shining One
Jiyva
Lugonu


Innate Abilities, Weirdness & Mutations

You have a pair of horns on your head.
You reflexively headbutt those who attack you in melee.


Message History

The yak is distracted by your dazzling golden aura.
The acid dragon spits acid at you.
The splash of acid hits you but does no damage.
The yak bellows!
Reach: b) +2 halberd (venom)
Press: ? - help, Dir - move target, f/p - acid dragon
Aim: an acid dragon (moderately wounded, catching its breath, about 37% to evade your +2 halberd of venom)
You reach to attack!
You hit the acid dragon.
The acid dragon is heavily wounded.
You impale the acid dragon!!
You kill the acid dragon!
Your Fighting skill increases to level 10!
Your Polearms skill increases to level 13!
Your Armour skill increases to level 10!
You have reached level 7!
Reach: b) +2 halberd (venom)
Press: ? - help, Dir - move target, f - two-headed ogre
Aim: a two-headed ogre, wielding a +0 giant club and a +0 giant spiked club (about 23% to evade your +2 halberd of venom)
You reach to attack!
You puncture the two-headed ogre!
The two-headed ogre is poisoned.
The two-headed ogre is moderately wounded.
Reach: b) +2 halberd (venom)
Press: ? - help, Dir - move target, f/p - two-headed ogre
Aim: a two-headed ogre, wielding a +0 giant club and a +0 giant spiked club (moderately wounded, very poisoned, about 23% to evade your +2 halberd of venom)
You reach to attack!
You slice the two-headed ogre!!
The two-headed ogre looks as sick as possible!
The two-headed ogre is severely wounded.
The yak is no longer distracted by gold.
You hit the two-headed ogre.
The two-headed ogre looks as sick as possible!
The two-headed ogre is severely wounded.
The two-headed ogre hits you with a +0 giant club!!
The two-headed ogre hits you with a +0 giant spiked club!
* * * LOW HITPOINT WARNING * * *
You feel much better.
The two-headed ogre hits you with a +0 giant club!!
* * * LOW HITPOINT WARNING * * *
The two-headed ogre hits you with a +0 giant spiked club!
You die...
Your body crumbles into a pile of gold.

$
▓.▓
$
▓.▓
$ $
▓.▓
$
▓.▓
$
▓.▓
$
▓Y▓
$
▓O▓
▓@▓
$
▓=▓
▓.▓
$
▓[▓
▓.▓
$
▓.▓
$
▓[▓
$
▓?▓
$
▓!▓


You could see a two-headed ogre (extremely poisoned) and a yak.

Vanquished Creatures
  A yak (D)
  A steam dragon (D)
  An acid dragon (D)
  2 howler monkeys (D)
  3 hounds (D)
  An iguana (D)
  A bat (D)
  2 kobolds (D)
  2 rats (D)
14 creatures vanquished.

Notes
Turn   | Place    | Note
-------+----------+-------------------------------------------
     0 | D        | Heoruswealwe the Minotaur Fighter began the quest for the
                  | Orb.
     0 | D        | Reached XP level 1. HP: 19/19 MP: 0/0
    12 | D        | Reached skill level 3 in Polearms
    33 | D        | Noticed a hound
    33 | D        | Noticed a howler monkey
    33 | D        | Noticed a hound
    33 | D        | Noticed a hound
    33 | D        | Noticed an iguana
    39 | D        | Killed an iguana
    40 | D        | Reached skill level 5 in Fighting
    40 | D        | Reached skill level 5 in Polearms
    40 | D        | Reached skill level 5 in Armour
    40 | D        | Reached XP level 2. HP: 28/29 MP: 1/1
    40 | D        | Reached XP level 3. HP: 35/36 MP: 2/2
    41 | D        | Reached skill level 6 in Polearms
    59 | D        | Reached skill level 7 in Polearms
    59 | D        | Reached XP level 4. HP: 34/45 MP: 3/3
    61 | D        | Reached skill level 8 in Polearms
    75 | D        | Reached skill level 9 in Polearms
    75 | D        | Reached XP level 5. HP: 32/52 MP: 4/4
    81 | D        | Found a snail-covered altar of Cheibriados.
    81 | D        | Found a shadowy altar of Dithmenos.
    81 | D        | Found a white marble altar of Elyvilon.
    81 | D        | Found a blossoming altar of Fedhas.
    81 | D        | Found an opulent altar of Gozag.
    82 | D        | Found a hazy altar of Hepliaklqana.
    83 | D        | Found a viscous altar of Jiyva.
    84 | D        | Found an ancient bone altar of Kikubaaqudgha.
    85 | D        | Found a corrupted altar of Lugonu.
    86 | D        | Found a burning altar of Makhleb.
    87 | D        | Found a sparkling altar of Nemelex Xobeh.
    88 | D        | Found an iron altar of Okawaru.
    89 | D        | Became a worshipper of Gozag Ym Sagoz the Greedy
    90 | D        | Found a stormy altar of Qazlal.
    91 | D        | Found a sacrificial altar of Ru.
    92 | D        | Found a shimmering blue altar of Sif Muna.
    93 | D        | Found a bloodstained altar of Trog.
    94 | D        | Found a hide-covered altar of Uskayaw.
    95 | D        | Found a radiant altar of Vehumet.
    96 | D        | Found an ornate altar of the Wu Jian Council.
    97 | D        | Found a shimmering altar of Xom.
    98 | D        | Found a basalt altar of Yredelemnul.
    99 | D        | Found a glowing silver altar of Zin.
   100 | D        | Found a glowing golden altar of the Shining One.
   151 | D        | Noticed a yak
   151 | D        | Noticed a two-headed ogre
   151 | D        | Noticed an acid dragon
   151 | D        | Noticed a steam dragon
   151 | D        | Noticed a yak
   153 | D        | Killed a yak
   154 | D        | Reached skill level 11 in Polearms
   154 | D        | Reached XP level 6. HP: 41/62 MP: 5/5
   156 | D        | Killed a steam dragon
   157 | D        | Reached skill level 12 in Polearms
   162 | D        | Killed an acid dragon
   163 | D        | Reached skill level 10 in Fighting
   163 | D        | Reached skill level 13 in Polearms
   163 | D        | Reached skill level 10 in Armour
   163 | D        | Reached XP level 7. HP: 50/72 MP: 6/6
   166 | D        | Slain by a two-headed ogre

Illustrated notes

Levels and vault maps discovered:
D:        linesprint [early_d, line_temple, items_1, d_10, items_2, lair_1,
          lair_end, items_3, orc_1, orc_end, items_4, d_15, swamp_1, shoals_1,
          snake_1, spider_1, d_20, vaults_1, items_5, swamp_end, shoals_end,
          snake_end, spider_end, vaults_end, d_27, items_6, zot_1, zot_end,
          crypt_end, forest_end, elf_end, slime_end, tomb_end, abyss_end,
          pan_hell_end]

Skill      XL: |  1  2  3  4  5  6 |
---------------+-------------------+-----
Polearms       | 5 7 9 11 13 | 13.2
Fighting       | 5 6 7 8 10 | 10.0
Armour         | 5 6 7 8 10 | 10.0
Shields        | |  3.6

Action                     |  1- 3 |  4- 6 |  7- 9 || total
---------------------------+-------+-------+-------++-------
  Melee: Trident           |    40 |    16 |       ||    56
         Headbutt          |     2 |     4 |       ||     6
         Halberd           |       |    11 |     3 ||    14
    Use: Potion            |       |       |     1 ||     1
 Armour: Scale mail        |    12 |    10 |       ||    22
         Chain mail        |       |     4 |       ||     4
  Dodge: Dodged            |    17 |     6 |       ||    23
  Block: Buckler           |     7 |     2 |       ||     9
